Map: Radhuset Station LE

Players

SubN

  • Race: Zerg Zerg
  • League: Diamond
  • Spawn Location: 1:00

BenDrummin - Winner!

  • Race: Zerg Zerg
  • League: Diamond
  • Spawn Location: 7:00

VOD

Have the link to the VOD?

Description

Time

  • Played on: Dec. 18, 2023, 5:32 p.m.
  • Length: 4:00
Show
View Real Time Build Order
Export as new Build Order

SubN Zerg 

Build Orders: Pool First 

Get SALT Encoding   

  12  0:00  Drone  
  13  0:08  Drone  
  13  0:12  Extractor  
  13  0:29  Spawning Pool  
  12  1:01  Hatchery  
  11  1:15  Queen  
  13  1:28  Metabolic Boost  
  13  1:37  Overlord  
  13  1:43  Drone  
  14  1:59  Overlord  
  15  2:01  Zergling x4  
  16  2:14  Queen  
  18  2:18  Zergling x2  
  19  2:23  Zergling x2  
  20  2:45  Zergling x2  
  20  2:46  Zergling x8  
  25  2:59  Drone x3  
  25  3:02  Drone  
  28  3:18  Zergling x2  
  28  3:19  Zergling x6  
  30  3:28  Zergling x2  
Show
View Real Time Build Order
Export as new Build Order

BenDrummin Zerg - Winner!

Build Orders: Pool First 

Get SALT Encoding   

  12  0:00  Drone  
  13  0:12  Overlord  
  13  0:18  Drone  
  14  0:30  Drone  
  14  0:31  Drone  
  16  0:40  Drone  
  17  0:45  Extractor  
  17  0:47  Spawning Pool  
  15  0:50  Drone  
  15  0:55  Drone  
  17  1:20  Drone  
  17  1:21  Hatchery  
  17  1:24  Drone  
  18  1:32  Overlord  
  18  1:44  Drone  
  19  1:54  Metabolic Boost, Queen  
  19  1:57  Zergling x2  
  22  2:11  Zergling x4  
  24  2:26  Zergling x2  
  24  2:27  Baneling Nest  
  24  2:33  Zergling x2  
  24  2:34  Zergling x2  
  24  2:36  Queen  
  28  2:45  Queen  
  30  2:51  Zergling x4  
  30  2:56  Overlord  
  32  3:18  Zergling x8  
  36  3:21  Overlord  
  36  3:27  Overlord  
  36  3:41  Baneling  
  36  3:42  Zergling x4, Baneling x3  
  36  3:43  Zergling x2  
Tags
 
Add a new tag
Caveats
  • Supply blocks, unpowered buildings, or Contaminate may cause inaccurate times.
  • Supply counts are checked every 10 seconds.